 Dungeon Crawl Stone Soup version 0.24.1-8-ga250c9d538 (webtiles) character file.

Game seed: 4586286675272702022, levelgen mode: deterministic

86 Napalmbreeze the Chucker (level 4, -1/44 HPs)
             Began as a Troll Hunter on May 1, 2020.
             Killed by divine providence
             ... invoked by an orc priest
              (17 damage)
             ... on level 4 of the Dungeon.
             The game lasted 00:03:46 (1440 turns).

Napalmbreeze the Chucker (Troll Hunter)             Turns: 1440, Time: 00:03:46

Health: -1/44      AC:  8    Str: 21    XL:     4   Next: 26%
Magic:  3/3        EV: 10    Int:  7    God:
Gold:   50         SH:  0    Dex: 10    Spells: 3/3 levels left

rFire    . . .     SeeInvis .   (no weapon)
rCold    . . .     Gourm    +   (no shield)
rNeg     . . .     Faith    .   b - +0 robe
rPois    .         Spirit   .   (helmet restricted)
rElec    .         Reflect  .   g - +1 cloak
rCorr    .         Harm     .   (gloves unavailable)
MR       .....                  (boots unavailable)
Stlth    +.........             (no amulet)
HPRegen  0.54/turn              (no ring)
MPRegen  0.08/turn              (no ring)

@: no status effects
A: large, unfitting armour, claws 3, fast metabolism 3, gourmand, regeneration
1, shaggy fur 1, tough skin 3
a: no special abilities


You were on level 4 of the Dungeon.
You were very full.

You visited 1 branch of the dungeon, and saw 3 of its levels.

You collected 50 gold pieces.

Inventory:

Hand Weapons
 p - a +4 dagger
Missiles
 c - a large rock (quivered)
 d - 3 throwing nets
 q - 29 stones
 t - 8 poisoned darts
Armour
 b - a +0 robe (worn)
 g - a +1 cloak (worn)
Potions
 h - a potion of brilliance {unknown}
 i - a potion of might {unknown}
 n - a potion of degeneration {unknown}
 o - a potion of flight {unknown}
 s - 2 potions of lignification
Comestibles
 f - 6 rations
 r - 5 chunks of flesh


   Skills:
 * Level 2.9 Fighting
 + Level 4.1 Throwing
 + Level 2.2 Dodging
 - Level 0.3 Stealth


You had 3 spell levels left.
You didn't know any spells.
Your spell library was empty.

Dungeon Overview and Level Annotations

Branches:
Dungeon (2/15)

Altars:
Zin


Innate Abilities, Weirdness & Mutations

You are too large for most types of armour.
You have claws for hands.
Your metabolism is lightning-fast.
You like to eat raw meat.
Your natural rate of healing is unusually fast.
You are covered in fur. (AC +1)
You have extremely tough skin. (AC +3)


Message History

Aim: an orc wizard, wielding a +2 dagger of flaming and wearing a +0 robe You throw a large rock.
The large rock closely misses the orc wizard.
The large rock hits the orc priest.
The orc priest is heavily wounded.
The orc wizard gestures wildly while chanting.
The orc wizard seems to speed up.
The orc wizard hits you but does no damage.
You closely miss the orc wizard.
The orc wizard hits you but does no damage.
Unknown command.
You barely miss the orc wizard.
The orc wizard hits you with a +2 dagger of flaming.
The orc wizard burns you. The orc wizard barely misses you.
Unknown command.
You barely miss the orc wizard.
The orc wizard hits you but does no damage.
The orc priest invokes the aid of Beogh against you.
Beogh smites you!
You die...

#### #..# #..#
##'####+####+## #####
..............####o.....
................@ooo....
..............####o.....
.#'####+####+## #####
.#รท.# ##..# ####


You could see 2 orc priests, an orc wizard and 2 orcs.

Vanquished Creatures
  An orc wizard (D:4)
  An adder (D:2)
  2 worms (D:2)
  3 dart slugs
  A leopard gecko (D:1)
  3 orcs (D:4)
  2 bats (D:2)
  5 goblins
  3 hobgoblins
  3 jackals (D:1)
  A quokka (D:2)
  A ball python (D:4)
  4 frilled lizards
  2 kobolds
  2 rats (D:1)
34 creatures vanquished.

Notes
Turn   | Place    | Note
-------+----------+-------------------------------------------
     0 | D:1      | Napalmbreeze the Troll Hunter began the quest for the Orb.
     0 | D:1      | Reached XP level 1. HP: 19/19 MP: 0/0
   228 | D:1      | Reached XP level 2. HP: 27/28 MP: 1/1
   948 | D:2      | Reached XP level 3. HP: 24/35 MP: 2/2
  1101 | D:2      | Found a glowing silver altar of Zin.
  1236 | D:2      | Reached skill level 4 in Throwing
  1375 | D:2      | You fall into a shaft and drop 2 floors!
  1431 | D:4      | Reached XP level 4. HP: 26/44 MP: 3/3
  1440 | D:4      | Killed from afar by an orc priest

Levels and vault maps discovered:
D:1:      dpeg_cavernosity, layout_basic, minmay_misc_feat_columns
D:2:      layout_basic, lemuel_crystal_altar
D:4:      black_bear_nest_1, layout_basic, minmay_snake_closets, uniq_ijyb

Skill      XL: |  1  2  3 |
---------------+----------+-----
Fighting       | 2 |  2.9
Dodging        | 2 |  2.2
Throwing       | 4 |  4.1
Stealth        | |  0.3

Action                   |  1- 3 |  4- 6 || total
-------------------------+-------+-------++-------
Melee: Unarmed           |    92 |     7 ||    99
Throw: Large rock        |     2 |     2 ||     4
       Stone             |     1 |       ||     1
  Use: Scroll            |     7 |       ||     7
 Stab: Sleeping          |     1 |       ||     1
  Eat: Chunk             |    18 |       ||    18
Armor: Robe              |    40 |     3 ||    43
Dodge: Dodged            |    34 |     4 ||    38
